 Dungeon Crawl Stone Soup version 0.28.0-45-g0d030f2227 (webtiles) character file.

Game seed: 7326617481221524290

1417 Gabide the Grave Robber (level 8, -1/57 HPs)
             Began as a Mummy Necromancer on Apr 15, 2022.
             Was an Initiate of Sif Muna.
             Hit by a stone thrown by a wight (7 damage)
             ... on level 7 of the Dungeon on Apr 16, 2022.
             The game lasted 00:20:41 (8670 turns).

Gabide the Grave Robber (Mummy Necromancer)         Turns: 8670, Time: 00:20:42

Health: -1/57      AC:  9    Str: 12    XL:     8   Next: 43%
Magic:  19/19      EV: 11    Int: 16    God:    Sif Muna [......]
Gold:   33         SH:  0    Dex: 12    Spells: 9/22 levels left

rFire   . . .      SeeInvis .     - Unarmed
rCold   + . .      Faith    .   (no shield)
rNeg    + + +      Spirit   .   k - +3 ring mail {rF+}
rPois   ∞          Reflect  .   m - +0 helmet of the Hunter {Rampage Fly}
rElec   .          Harm     .   (no cloak)
rCorr   .          Rampage  +   (no gloves)
Will    +....                   (no boots)
Stlth   +.........              b - amulet of magic regeneration
HPRegen 0.19/turn               (no ring)
MPRegen 0.56/turn               (no ring)

@: flying
A: cold resistance 1, negative energy resistance 3, torment resistance 2, heat
vulnerability 1, no potions
a: Renounce Religion


You were on level 7 of the Dungeon.
You worshipped Sif Muna.
Sif Muna was noncommittal.
You visited 2 branches of the dungeon, and saw 8 of its levels.

You collected 264 gold pieces.
You spent 231 gold pieces at shops.

Inventory:

Armour
 k - a +3 ring mail of fire resistance (worn)
 m - the +0 helmet of the Hunter (worn) {Rampage Fly}
   (You bought it in a shop on level 4 of the Dungeon)

   Fly:       It grants you flight.
   Rampage:   It bestows one free step when moving towards enemies.
Jewellery
 b - an amulet of magic regeneration (around neck)
Scrolls
 a - 2 scrolls of identify
 e - 3 scrolls of magic mapping
 g - 2 scrolls of fog
 j - 2 scrolls of vulnerability
 l - 3 scrolls of fear


   Skills:
 * Level 2.6 Fighting
 + Level 0.2 Armour
 * Level 3.3 Dodging
 + Level 2.3 Stealth
 + Level 1.3 Unarmed Combat
 * Level 7.6 Spellcasting
 * Level 7.6 Necromancy


You had 9 spell levels left.
You knew the following spells:

 Your Spells              Type           Power      Damage    Failure   Level
a - Pain                  Necr           100%       1d9       1%          1
b - Vampiric Draining     Necr           30%        2d8       3%          3
c - Animate Dead          Necr           15%        N/A       11%         4
d - Agony                 Necr           30%        N/A       30%         5

Your spell library contained the following spells:

 Spells                   Type           Power      Damage    Failure   Level
 Animate Skeleton         Necr           60%        N/A       1%          1
 Foxfire                  Conj/Fire      24%        2x1d5     26%         1
 Ensorcelled Hibernation  Hex/Ice        12%        N/A       38%         2
 Anguish                  Hex/Necr       9%         N/A       47%         4
 Conjure Flame            Conj/Fire      6%         6-21      63%         3
 Inner Flame              Hex/Fire       6%         N/A       63%         3
 Flame Wave               Conj/Fire      6%         2d5       95%         4
 Summon Hydra             Summ           3%         N/A       100%        7
 Sublimation of Blood     Necr           Unusable   N/A       N/A         2
 Wereblood                Tmut           Unusable   N/A       N/A         2
 Spider Form              Tmut/Pois      Unusable   N/A       N/A         3

Dungeon Overview and Level Annotations

Branches:
Dungeon (7/15)             Temple (1/1) D:7

Altars:
Ashenzari
Cheibriados
Dithmenos
Elyvilon
Fedhas
Gozag
Hepliaklqana
Kikubaaqudgha
Makhleb
Nemelex Xobeh
Okawaru
Qazlal
Ru
Sif Muna
Trog
Uskayaw
Vehumet
Wu Jian
Xom
Yredelemnul
Zin
The Shining One

Shops:
D:4 ?[   D:5 *   D:6 *

Annotations:
D:3 Grinder


Innate Abilities, Weirdness & Mutations

You are immune to poison.
Your flesh is cold resistant. (rC+)
You are immune to negative energy. (rN+++)
You are immune to unholy pain and torment.
You are vulnerable to heat. (rF-)
You do not drink.


Message History

You hit the wight but do no damage.
The wight is heavily damaged.
The wight hits you with a +2 long sword!
You barely miss the wight.
The wight is heavily damaged.
The wight misses you.
You hit the wight but do no damage.
The wight is heavily damaged.
The wight hits you with a +2 long sword!
You are too injured to fight recklessly!
You are too injured to fight recklessly!
You are too injured to fight recklessly!
You are too injured to fight recklessly!
You are too injured to fight recklessly!
You are too injured to fight recklessly!
You are too injured to fight recklessly!
You are too injured to fight recklessly!
You are too injured to fight recklessly!
You are too injured to fight recklessly!
You are too injured to fight recklessly!
You are too injured to fight recklessly!
You are too injured to fight recklessly!
You are too injured to fight recklessly!
You are too injured to fight recklessly!
You are too injured to fight recklessly!
You are too injured to fight recklessly!
You are too injured to fight recklessly!
You are too injured to fight recklessly!
You hit the wight.
The wight is heavily damaged.
The wight hits you with a +2 long sword.
You hit the wight but do no damage.
The wight is heavily damaged.
The wight misses you.
You hit the wight but do no damage.
The wight is heavily damaged.
The wight hits you with a +2 long sword!
* * * LOW HITPOINT WARNING * * *
The wight throws a stone.
The stone hits you!
You die...

... #. ...##.....#.#.# ...
#####.######.####.###.#.# ...
#.....................#.# ..<
#...#.#....#.##(#.....#.# ...
#.#.#.#.##.#.....####.#.#
...#.#.#...........#.........#
...#.#....##.#.#.#.#.#########
...#.#..#....#.#.#..........
...#.#..#.......@.z..#######
...#.#....#.#.>.#.##...#
...#.#.##.#.#...#......#
.....#........#....#^#.#
##[...#.##.#.##.#.#.#
#.....#...........#.#
#.#.#....##.#.#.#.# #
#.#.#.##....#.#.#.#
#.#...............#


You could see a wight.

Vanquished Creatures
  Sigmund (D:3)
  Eustachio (D:6)
  A water moccasin (D:6)
  A black bear (D:5)
  A bullfrog (D:6)
  A gnoll sergeant (D:6)
  4 killer bees (D:7)
  2 wights (D:7)
  A howler monkey (D:6)
  A hound (D:3)
  A centaur skeleton (D:5)
  A jelly (D:6)
  2 orc priests
  3 iguanas
  Terence (D:3)
  2 orc wizards
  A hound skeleton (D:5)
  5 gnolls (D:6)
  2 howler monkey skeletons
  5 adders
  A shadow imp (D:6)
  2 white imps (D:6)
  2 adder skeletons (D:4)
  2 worms (D:2)
  3 dart slugs
  10 orcs
  6 endoplasms
  2 giant cockroaches
  7 goblins
  5 hobgoblins
  A quokka (D:2)
  3 ball pythons
  4 bats
  4 frilled lizards
  5 kobolds
  2 rats (D:2)
96 creatures vanquished.

Vanquished Creatures (collateral kills)
  An orc (D:6)
1 creature vanquished.

Grand Total: 97 creatures vanquished

Notes
Turn   | Place    | Note
-------+----------+-------------------------------------------
     0 | D:1      | Gabide the Mummy Necromancer began the quest for the Orb.
     0 | D:1      | Reached XP level 1. HP: 13/13 MP: 4/4
   346 | D:1      | Reached XP level 2. HP: 19/19 MP: 3/5
   496 | D:1      | Found a faded altar of an unknown god.
  1159 | D:2      | Reached XP level 3. HP: 25/25 MP: 3/7
  1574 | D:3      | Noticed Grinder
  1662 | D:3      | Reached XP level 4. HP: 21/31 MP: 4/9
  1671 | D:3      | Reached skill level 5 in Necromancy
  2194 | D:3      | Reached skill level 1 in Fighting
  2430 | D:3      | Noticed Sigmund
  2437 | D:3      | Killed Sigmund
  2438 | D:3      | Reached skill level 5 in Spellcasting
  2438 | D:3      | Reached XP level 5. HP: 24/37 MP: 7/12
  2438 | D:3      | Reached XP level 6. HP: 28/43 MP: 7/13
  2442 | D:3      | Paralysed by Grinder for 3 turns
  3022 | D:3      | Noticed Terence
  3029 | D:3      | Killed Terence
  3266 | D:4      | Learned a level 3 spell: Vampiric Draining
  3273 | D:4      | Learned a level 4 spell: Animate Dead
  3279 | D:4      | Learned a level 5 spell: Agony
  3675 | D:4      | Found Urghif's Antique Armour Shoppe.
  3852 | D:4      | Found Oxzosegh's Magic Scroll Boutique.
  4039 | D:5      | Entered Level 5 of the Dungeon
  4061 | D:5      | Found a radiant altar of Vehumet.
  4189 | D:5      | Found Lugos's General Store.
  5081 | D:5      | Reached XP level 7. HP: 49/49 MP: 9/15
  5703 | D:4      | Bought a jewelled helmet for 209 gold pieces
  5703 | D:4      | Identified the +0 helmet of the Hunter {Rampage Fly} (You
                  | bought it in a shop on level 4 of the Dungeon)
  5853 | D:6      | Noticed Eustachio
  5862 | D:6      | Killed Eustachio
  6094 | D:6      | Reached XP level 8. HP: 52/57 MP: 14/18
  6298 | D:6      | Found Kuofaeh's Assorted Antiques.
  6306 | D:6      | Bought a scroll labelled GEMOAH GUODD for 22 gold pieces
  6702 | D:7      | Found a staircase to the Ecumenical Temple.
  6705 | Temple   | Entered the Ecumenical Temple
  7401 | Temple   | Became a worshipper of Sif Muna the Loreminder
  7433 | D:7      | Reached skill level 1 in Unarmed Combat
  8670 | D:7      | Hit by a stone thrown by a wight

Illustrated notes

Levels and vault maps discovered:
D:1:      ebering_trefoil_3fold, layout_basic, shapermc_ecumenical_altar_ellora,
          amcnicky_mini_rare_corridor_liquid
D:2:      layout_rooms, serial_curves, eino_curves_01, eino_curves_03
D:3:      layout_loops_ring, uniq_grinder, uniq_sigmund, uniq_terence
D:4:      layout_rooms, serial_shops, nicolae_inconvenience_store,
          nicolae_shop_stone
D:5:      layout_loops_corners, vehumet_altar_wand_db, serial_shops, shop
D:6:      layout_basic, serial_shops, shop, kennysheep_generic_room_11,
          uniq_eustachio
D:7:      layout_basic, minmay_temple_entry_ruins
Temple:   mainiacjoe_temple_circle_huts

Skill      XL: |  1  2  3  4  5  6  7  8 |
---------------+-------------------------+-----
Spellcasting   | 3 5 7 |  7.6
Necromancy     | 5 6 7 |  7.6
Fighting       | 1 2 |  2.6
Dodging        | 2 3 |  3.3
Unarmed Combat | 1 |  1.3
Stealth        | 2 |  2.3
Armour         | |  0.2

Action                   |  1- 3 |  4- 6 |  7- 9 || total
-------------------------+-------+-------+-------++-------
Melee: Unarmed           |       |    61 |   196 ||   257
       Punch             |       |     2 |     2 ||     4
 Cast: Pain              |    94 |    60 |    48 ||   202
       Vampiric Draining |       |     7 |    26 ||    33
       Animate Dead      |       |       |     3 ||     3
Evoke: Wand              |       |       |     9 ||     9
  Use: Scroll            |       |     2 |     9 ||    11
Armor: Robe              |     1 |    15 |    14 ||    30
       Ring mail         |       |       |    49 ||    49
Dodge: Dodged            |     9 |    58 |   119 ||   186
